 Dungeon Crawl Stone Soup version 0.28-a0-1387-g3a22ab9bdc (webtiles) character file.

Game seed: 11591505865537837765

4522 ReploidZero the Fighter (level 10, -4/96 HPs)
             Began as a Hill Orc Fighter on Jan 3, 2022.
             Was a Believer of Beogh.
             Killed from afar by a steam dragon (13 damage)
             ... with a ball of steam
             ... on level 8 of the Dungeon.
             The game lasted 00:26:08 (7935 turns).

ReploidZero the Fighter (Hill Orc Fighter)          Turns: 7935, Time: 00:26:09

Health: -4/96      AC: 14    Str: 24    XL:     10   Next: 39%
Magic:  14/14      EV: 13    Int:  8    God:    Beogh [**....]
Gold:   286        SH:  5    Dex: 10    Spells: 9/9 levels left

rFire   x . .      SeeInvis +   a - +1 war axe
rCold   + + .      Faith    .   c - +0 buckler
rNeg    . . .      Spirit   .   l - +0 ice dragon scales
rPois   .          Reflect  .   (no helmet)
rElec   .          Harm     .   (no cloak)
rCorr   .          Rampage  .   v - +0 pair of gloves
Will    .....                   (no boots)
Stlth   ..........              (no amulet)
HPRegen 0.26/turn               i - +4 ring of evasion
MPRegen 0.14/turn               r - ring of see invisible

@: mighty, lethally poisoned (-4 -> -5)
A: no striking features
a: Renounce Religion, Smiting


You were on level 8 of the Dungeon.
You worshipped Beogh.
Beogh was pleased with you.
You visited 1 branch of the dungeon, and saw 9 of its levels.

You collected 286 gold pieces.

Inventory:

Hand Weapons
 a - a +1 war axe (weapon)
Armour
 b - a +0 scale mail
 c - a +0 buckler (worn)
 f - an orb of mayhem
 h - the +4 robe of Augmentation {Str+4 Int+4 Dex+4}
   (You found it on level 3 of the Dungeon)

   Str:       It affects your strength (+4).
   Int:       It affects your intelligence (+4).
   Dex:       It affects your dexterity (+4).
 l - +0 ice dragon scales (worn)
 v - a +0 pair of gloves (worn)
Jewellery
 i - a +4 ring of evasion (left hand)
 j - a ring of poison resistance
 p - a +4 ring of protection
 r - a ring of see invisible (right hand)
Wands
 g - a wand of digging (5)
 m - a wand of charming (17)
Scrolls
 e - 6 scrolls of teleportation
Potions
 k - a potion of mutation
 q - a potion of flight
 u - a potion of ambrosia


   Skills:
 + Level 11.5 Fighting
 + Level 10.6 Axes
 + Level 9.3 Armour
 - Level 6.3 Shields
 + Level 6.3 Invocations


You had 9 spell levels left.
You didn't know any spells.
Your spell library contained the following spells:

 Spells                   Type           Power      Damage    Failure   Level
 Foxfire                  Conj/Fire      0%         2x1d4     71%         1
 Sandblast                Erth           0%         2d4       71%         1
 Shock                    Conj/Air       0%         1d3       71%         1
 Summon Small Mammal      Summ           0%         N/A       71%         1
 Passwall                 Tmut/Erth      0%         N/A       85%         2
 Call Canine Familiar     Summ           0%         N/A       97%         3
 Conjure Flame            Conj/Fire      0%         6-21      97%         3
 Ignite Poison            Fire/Tmut/Pois 0%         N/A       97%         3
 Inner Flame              Hex/Fire       0%         N/A       97%         3
 Stone Arrow              Conj/Erth      0%         3d7       97%         3
 Summon Guardian Golem    Hex/Summ       0%         N/A       97%         3
 Swiftness                Air            0%         N/A       97%         3
 Airstrike                Air            0%         N/A       100%        4
 Flame Wave               Conj/Fire      0%         2d4       100%        4
 Sticky Flame             Conj/Fire      0%         2d3       100%        4


Dungeon Overview and Level Annotations

Branches:
Dungeon (9/15)             Temple (0/1) D:7            Lair (0/6) D:8
    Orc: D:9-12

Altars:
Ashenzari
Dithmenos
Elyvilon
Kikubaaqudgha
Okawaru
Uskayaw
Vehumet
Wu Jian
Xom

Annotations:
D:6 1 runed translucent door, 2 transporters, ASSMAN's ghost, novice OpDe; Crazy Yiuf
D:8 3 runed translucent doors


Message History

The green ugly thing is severely wounded.
You feel extremely sick.
You block the green ugly thing's attack.
You slice the green ugly thing!!
The green ugly thing is almost dead.
You feel very sick. The green ugly thing barely misses you.
You barely miss the green ugly thing.
The green ugly thing is almost dead.
You feel very sick. The green ugly thing barely misses you.
You slash the green ugly thing!
You kill the green ugly thing!
Beogh accepts your kill.
You feel very sick.
You feel very sick.
You see here an ugly thing corpse.
You feel very sick.
You feel sick.
A steam dragon comes into view.
You feel sick.
The steam dragon hisses angrily.
You feel sick.
You feel sick.
You slash the steam dragon!
The steam dragon is moderately wounded.
You feel sick. The steam dragon bites you.
* * * LOW HITPOINT WARNING * * *
The steam dragon claws you.
* * * LOW HITPOINT WARNING * * *
You completely miss the steam dragon.
The steam dragon is moderately wounded.
You feel sick. The steam dragon closely misses you.
You block the steam dragon's attack.
You closely miss the steam dragon.
The steam dragon is moderately wounded.
You feel sick. The steam dragon breathes steam at you.
The ball of steam hits you! The steam scalds you terribly!
You die...

... ... #..##### #.# #.#
#..#.....#.. #.# # #..# ##.#.#
..# # #..# .'.#####.# # #..#
#.##....# # #..# #..†.#..# #
#..#######.#.#.#o#
##########..[..D@...#.#.#.K.KKK..
...)......).##.#..##.##..####o##.
#######.##[.#.###.#.#.#.##
#.##.)..#####.#.###
#.##..#..###.#.#..
#.###.#.#..#..#.#. #.#
#..#..##...#.#. #.###..#..#.....#
#. ##########...#.#.#..#.#


You could see a steam dragon (catching breath).

Vanquished Creatures
  An ugly thing (D:8)
  A cyclops (D:7)
  An unseen horror (D:7)
  A gargoyle (D:7)
  Sigmund (D:6)
  A vampire mosquito (D:8)
  5 water moccasins
  An orc warrior (D:8)
  A sky beast (D:6)
  3 black bears
  3 ogres
  A necrophage (D:6)
  A centaur (D:6)
  A kobold brigand (D:7)
  2 bullfrogs (D:7)
  A scorpion (D:5)
  A water moccasin zombie (D:7)
  A water moccasin skeleton (D:4)
  3 wights (D:7)
  A howler monkey (D:6)
  2 jellies (D:5)
  2 gnoll shamans (D:8)
  A bullfrog skeleton (D:6)
  3 hounds
  An orc priest (D:7)
  3 iguanas
  Ijyb (D:4)
  8 orc wizards
  A killer bee zombie (D:8)
  2 hound skeletons
  A howler monkey zombie (D:4)
  11 adders
  8 gnolls
  A shadow imp (D:5)
  2 white imps (D:7)
  A worm (D:3)
  5 dart slugs
  18 orcs
  6 ball pythons
  7 endoplasms
  3 giant cockroaches
  5 goblins
  8 hobgoblins
  5 jackals
  4 quokkas
  4 bats
  6 frilled lizards
  6 kobolds
  4 rats
  A butterfly (D:7)
161 creatures vanquished.

Vanquished Creatures (collateral kills)
  A bullfrog skeleton (D:4)
  An endoplasm (D:4)
  A kobold (D:4)
3 creatures vanquished.

Vanquished Creatures (others)
  An orc wizard (D:5)
  A fungus (D:1)
  8 plants (D:8)
10 creatures vanquished.

Grand Total: 174 creatures vanquished

Notes
Turn   | Place    | Note
-------+----------+-------------------------------------------
     0 | D:1      | ReploidZero the Hill Orc Fighter began the quest for the
                  | Orb.
     0 | D:1      | Reached XP level 1. HP: 19/19 MP: 1/1
   150 | D:1      | Found a faded altar of an unknown god.
   179 | D:1      | Got Plato's Compendium of the Escort
   188 | D:1      | Reached XP level 2. HP: 27/27 MP: 2/2
   939 | D:1      | Reached skill level 4 in Fighting
  1064 | D:2      | Reached XP level 3. HP: 29/33 MP: 3/3
  1518 | D:2      | Reached skill level 9 in Fighting
  1518 | D:2      | Reached XP level 4. HP: 50/50 MP: 4/4
  1572 | D:3      | Found the +4 robe of Augmentation {Str+4 Int+4 Dex+4}
  1599 | D:3      | Found an iron altar of Okawaru.
  1686 | D:3      | Reached XP level 5. HP: 54/57 MP: 5/5
  2054 | D:3      | Found a shimmering altar of Xom.
  2259 | D:4      | Reached XP level 6. HP: 50/63 MP: 6/6
  2474 | D:4      | Noticed Ijyb
  2501 | D:4      | Killed Ijyb
  2680 | D:4      | Found a radiant altar of Vehumet.
  2761 | D:4      | Noticed a black bear
  2806 | D:4      | Killed a black bear
  2807 | D:4      | Reached XP level 7. HP: 55/70 MP: 7/7
  3168 | D:5      | Entered Level 5 of the Dungeon
  3355 | D:5      | Became a worshipper of Beogh the Brigand
  3517 | D:5      | Reached XP level 8. HP: 37/79 MP: 8/8
  3971 | D:6      | Noticed Sigmund
  3981 | D:6      | Reached skill level 10 in Fighting
  3981 | D:6      | Reached skill level 1 in Invocations
  4017 | D:6      | Killed Sigmund
  4112 | D:6      | Found an ornate altar of the Wu Jian Council.
  4473 | D:6      | Identified the +1 robe "Jaboep" {Harm Int+2}
  4518 | D:6      | Found a runed translucent door.
  4519 | D:6      | Noticed Crazy Yiuf
  4583 | D:6      | Noticed a boulder beetle
  4584 | D:6      | Noticed ASSMAN's ghost (novice OpDe)
  4586 | D:6      | Found a transporter.
  4586 | D:6      | Found a transporter.
  4586 | D:6      | Noticed a wraith
  4613 | D:6      | Reached XP level 9. HP: 55/86 MP: 9/11
  4860 | D:6      | You fall into a shaft and drop 3 floors!
  4860 | D:9      | Found a broken altar of Ashenzari.
  4884 | D:8      | Reached * piety under Beogh
  5005 | D:7      | Found a staircase to the Ecumenical Temple.
  5030 | D:7      | Found a shadowy altar of Dithmenos.
  5387 | D:7      | Noticed an unseen horror
  5399 | D:7      | Killed an unseen horror
  5710 | D:7      | Noticed a gargoyle
  5726 | D:7      | Killed a gargoyle
  5929 | D:7      | Noticed a cyclops
  5942 | D:7      | Killed a cyclops
  5943 | D:7      | Reached skill level 11 in Fighting
  5943 | D:7      | Reached skill level 10 in Axes
  5943 | D:7      | Reached skill level 5 in Invocations
  5943 | D:7      | Reached XP level 10. HP: 52/95 MP: 13/13
  6174 | D:7      | Found a white marble altar of Elyvilon.
  6825 | D:8      | Reached ** piety under Beogh
  7258 | D:8      | Noticed a skeletal warrior
  7280 | D:8      | Found a staircase to the Lair.
  7667 | D:8      | Noticed a +0 dagger
  7667 | D:8      | Noticed a +0 dagger
  7668 | D:8      | Found a hide-covered altar of Uskayaw.
  7694 | D:8      | Found an ancient bone altar of Kikubaaqudgha.
  7785 | D:8      | Found a runed translucent gate.
  7785 | D:8      | Found a runed translucent gate.
  7785 | D:8      | Found a runed translucent gate.
  7893 | D:8      | Noticed a green ugly thing
  7926 | D:8      | Killed a green ugly thing
  7935 | D:8      | Killed from afar by a steam dragon

Illustrated notes

Levels and vault maps discovered:
D:1:      dpeg_arrival_yet_another_circle, layout_loops_corners,
          shapermc_ecumenical_altar_rom_forum
D:2:      layout_rooms, item_on_display_a
D:3:      layout_rooms, xom_teletrap_fun, mainiacjoe_overflow_boulevard
D:4:      minmay_chambers_of_twos, layout_basic, nicolae_vehumet_altar_sigil,
          minmay_quantized, uniq_ijyb
D:5:      layout_rooms
D:6:      layout_rooms, old_standard_altar, gammafunk_ghost_arena, uniq_sigmund,
          uniq_crazy_yiuf_cottage
D:7:      minmay_skewed_foursquare, layout_basic,
          nicolae_dithmenos_through_a_glass_darkly,
          nicolae_elyvilon_peaceful_grove, minmay_temple_entry_butterflies,
          minmay_three_doors
D:8:      layout_basic, dancing_weapons_uskayaw, mainiacjoe_overflow_brackets,
          mainiacjoe_overflow_alcove_2, erik_lair_orcish_takeover,
          gammafunk_ghost_icy, minmay_shattered_shrine
D:9:      layout_stronghold, nicolae_ashenzari_skybound,
          nicolae_gozag_cash_rules_everything_around_me, david_orc_3,
          uniq_erolcha

Skill      XL: |  1  2  3  4  5  6  7  8  9 10 |
---------------+-------------------------------+-----
Axes           | 3 7 8 9 10 | 10.6
Fighting       | 4 9 10 11 | 11.5
Armour         | 6 7 8 9 |  9.3
Shields        | 6 |  6.3
Invocations    | 3 5 6 |  6.3

Action                   |  1- 3 |  4- 6 |  7- 9 | 10-12 || total
-------------------------+-------+-------+-------+-------++-------
Melee: War axe           |    83 |   157 |   229 |   139 ||   608
Invok: Convert to Beogh  |       |       |     1 |       ||     1
Evoke: Wand              |       |     3 |     1 |     1 ||     5
  Use: Scroll            |     5 |     2 |     6 |     6 ||    19
       Potion            |     1 |       |     6 |     4 ||    11
Armor: Scale mail        |    39 |    54 |    78 |    19 ||   190
       Ice dragon scales |       |       |       |    15 ||    15
Dodge: Dodged            |    38 |    98 |   130 |    67 ||   333
Block: Buckler           |    16 |    46 |    48 |    28 ||   138

Table legend: (Time is in decaauts)
 A = Elapsed time spent in this place.
 B = Non-inter-level travel time spent in this place.
 C = Inter-level travel time spent in this place.
 D = Time resting spent in this place.
 E = Time spent auto-exploring this place.
 F = Levels seen in this place.
 G = Mean time per level.
                   A        B        C        D        E       F      G
               +--------+--------+--------+--------+--------+-----+--------+
         Total |   7999 |   7766 |    233 |      0 |   6383 |   9 |  888.8 |
       Dungeon |   7999 |   7766 |    233 |      0 |   6383 |   9 |  888.8 |
               +--------+--------+--------+--------+--------+-----+--------+

Top non-repeatable levels by time:
     D:7: 2167 daAuts
     D:4: 1075 daAuts
     D:1: 1039 daAuts
     D:6: 941 daAuts
     D:8: 895 daAuts
     D:5: 759 daAuts
     D:3: 574 daAuts
     D:2: 531 daAuts
     D:9: 14 daAuts
